 Dungeon Crawl Stone Soup version 0.29-a0-1033-gb6c65ffae6 (webtiles) character file.

Game seed: 6664910553910777850

47 hikkokomori the Firebug (level 4, -1/34 HPs)
             Began as a Meteoran Fire Elementalist on Aug 14, 2022.
             Slain by a rat (2 damage)
             ... on level 2 of the Dungeon.
             The game lasted 00:03:06 (361 turns).

hikkokomori the Firebug (Meteoran Fire Elementalist) Turns: 361, Time: 00:03:07

Health: -1/34      AC:  2    Str: 10    XL:     4   Next: 17%
Magic:  5/9        EV: 13    Int: 18    God:
Gold:   45         SH:  0    Dex: 14    Spells: 8/9 levels left

rFire   . . .      SeeInvis .   e - +0 flail
rCold   . . .      Faith    .   (no shield)
rNeg    . . .      Spirit   .   a - +0 robe
rPois   .          Reflect  .   (no helmet)
rElec   .          Harm     .   (no cloak)
rCorr   .          Rampage  .   (no gloves)
Will    .....                   (no boots)
Stlth   +.........              (no amulet)
HPRegen 0.11/turn               (no ring)
MPRegen 0.11/turn               (no ring)

@: brilliant, lethally poisoned (-1 -> -3), glowing
A: sense surroundings 1, otherworldly, glowing, explore regen
a: no special abilities


You were on level 2 of the Dungeon.
You visited 1 branch of the dungeon, and saw 2 of its levels.

You collected 45 gold pieces.

Inventory:

Hand Weapons
 e - a +0 flail (weapon)
Armour
 a - a +0 robe (worn)
Scrolls
 c - a scroll of fear {unknown}
 d - a scroll of amnesia {unknown}
 f - a scroll of fog {unknown}
 g - a scroll of torment {unknown}
 i - a scroll of enchant armour {unknown}
Potions
 b - 2 potions of magic
 h - a potion of brilliance
 j - a potion of might {unknown}
 k - a potion of attraction {unknown}


   Skills:
 + Level 0.3 Fighting
 + Level 3.0 Dodging
 + Level 1.8 Stealth
 + Level 3.2 Spellcasting
 + Level 2.0 Conjurations
 + Level 4.0 Fire Magic


You had 8 spell levels left.
You knew the following spells:

 Your Spells              Type           Power      Damage    Failure   Level
a - Foxfire               Conj/Fire      84%        2x1d8     4%          1

Your spell library contained the following spells:

 Spells                   Type           Power      Damage    Failure   Level
 Scorch                   Fire           52%        2d7       4%          2
 Conjure Flame            Conj/Fire      21%        6-21      14%         3
 Inner Flame              Hex/Fire       15%        N/A       21%         3
 Flame Wave               Conj/Fire      21%        2d8       41%         4
 Cause Fear               Hex            2%         N/A       85%         4
 Discord                  Hex            2%         N/A       100%        8


Dungeon Overview and Level Annotations

Branches:
Dungeon (2/15) Zot: 833

Altars:


Innate Abilities, Weirdness & Mutations

You passively map a small area around you.
You are easily found by Zot.
You glow in the dark.
You regain HP and MP as you explore.


Message History

The quokka bites you but does no damage.
The goblin hits you with a +0 club.
You barely miss the goblin.
The foxfire hits the goblin.
You kill the goblin!
The foxfire hits the quokka.
The quokka is heavily wounded.
The quokka bites you. The adder bites you.
You are poisoned.
The adder poisons you!
Unknown command.
Casting: Foxfire (safe; 4% risk of failure)
Confirm with . or Enter, or press ? or * to list all spells.
You conjure some foxfire!
You feel sick. The quokka barely misses you. The adder barely misses you.
The hobgoblin hits you. The quokka bites you.
You sock the adder!
The adder is severely wounded.
You feel sick.
The foxfire hits the adder.
You kill the adder!
The foxfire hits the hobgoblin.
The hobgoblin is almost dead.
The quokka bites you. The hobgoblin barely misses you.
Your Dodging skill increases to level 3!
You have reached level 4!
Unknown command.
Casting: Foxfire (safe; 4% risk of failure)
Confirm with . or Enter, or press ? or * to list all spells.
You conjure some foxfire!
You feel sick. The quokka barely misses you. The hobgoblin hits you.
* * * LOW HITPOINT WARNING * * *
The rat misses you. The quokka bites you.
* * * LOW HITPOINT WARNING * * *
It was a potion of brilliance.
You feel clever all of a sudden.
* * * LOW HITPOINT WARNING * * *
You feel sick.
The foxfire hits the hobgoblin.
You kill the hobgoblin!
The foxfire hits the quokka.
The quokka is almost dead.
The rat bites you.
You die...

##### ##...##
##8....##
##..r....## *
#...)@.8..#
......r.....#
#####8....#.#
* ##...## #
##.## * #..
** , , , #.#
* *, , #.. *


You could see a quokka and a rat.

Vanquished Creatures
  An adder (D:2)
  A gnoll (D:1)
  A dart slug (D:1)
  2 bats (D:1)
  An endoplasm (D:1)
  3 giant cockroaches (D:1)
  7 hobgoblins
  A quokka (D:1)
  A ball python (D:1)
  A frilled lizard (D:1)
  4 goblins
  A kobold (D:1)
  2 rats (D:1)
26 creatures vanquished.

Vanquished Creatures (others)
  49 foxfires
49 creatures vanquished.

Grand Total: 75 creatures vanquished

Notes
Turn   | Place    | Note
-------+----------+-------------------------------------------
     0 | D:1      | hikkokomori the Meteoran Fire Elementalist began the quest
                  | for the Orb.
     0 | D:1      | Reached XP level 1. HP: 14/14 MP: 5/5
    44 | D:1      | Reached XP level 2. HP: 18/20 MP: 3/6
    87 | D:1      | Reached XP level 3. HP: 26/26 MP: 6/8
   227 | D:1      | Reached skill level 4 in Fire Magic
   360 | D:2      | Reached XP level 4. HP: 10/34 MP: 6/9
   360 | D:2      | HP: 1/34 [quokka (5)]
   361 | D:2      | Slain by a rat

Illustrated notes

Levels and vault maps discovered:
D:1:      dpeg_arrival_rooms_c, layout_basic
D:2:      layout_loops_ring, shapermc_ecumenical_altar_acropolis,
          grunt_ministairs_1

Skill      XL: |  1  2  3 |
---------------+----------+-----
Spellcasting   | 3 |  3.2
Fire Magic     | 4 |  4.0
Conjurations   | 2 |  2.0
Dodging        | 3 |  3.0
Fighting       | |  0.3
Stealth        | |  1.8

Action                   |  1- 3 |  4- 6 || total
-------------------------+-------+-------++-------
Melee: Unarmed           |     2 |       ||     2
       Flail             |    14 |       ||    14
 Cast: Foxfire           |    28 |     1 ||    29
  Use: Potion            |       |     1 ||     1
Armor: Robe              |     5 |       ||     5
Dodge: Dodged            |    12 |     2 ||    14

Table legend: (Time is in decaauts)
 A = Elapsed time spent in this place.
 B = Non-inter-level travel time spent in this place.
 C = Inter-level travel time spent in this place.
 D = Time resting spent in this place.
 E = Time spent auto-exploring this place.
 F = Levels seen in this place.
 G = Mean time per level.
                   A        B        C        D        E       F      G
               +--------+--------+--------+--------+--------+-----+--------+
         Total |    365 |    365 |      0 |      0 |      0 |   2 |  182.5 |
       Dungeon |    365 |    365 |      0 |      0 |      0 |   2 |  182.5 |
               +--------+--------+--------+--------+--------+-----+--------+

Top non-repeatable levels by time:
     D:1: 359 daAuts
     D:2: 6 daAuts
